 Dungeon Crawl Stone Soup version 0.26-a0-690-gcb57259078 (webtiles) character file.

Game seed: 934184105242782490

213 grandjackal the Slasher (level 5, -1/42 HPs)
             Began as a Demonspawn Gladiator on Oct 23, 2020.
             Slain by Grinder (3 damage)
             ... on level 4 of the Dungeon.
             The game lasted 00:03:38 (3108 turns).

grandjackal the Slasher (Demonspawn Gladiator)      Turns: 3108, Time: 00:03:39

Health: -1/42      AC:  7    Str: 15    XL:     5   Next: 59%
Magic:  5/5        EV: 13    Int:  9    God:
Gold:   142        SH:  0    Dex: 21    Spells: 4/4 levels left

rFire    . . .     SeeInvis .   a - +0 long sword
rCold    . . .     Faith    .   (no shield)
rNeg     . . .     Spirit   .   r - +0 ring mail
rPois    .         Reflect  .   c - +0 helmet
rElec    .         Harm     .   y - +0 cloak
rCorr    .         Rampage  .   (no gloves)
MR       .....                  (no boots)
Stlth    +.........             (no amulet)
HPRegen  0.14/turn              g - +6 ring of dexterity
MPRegen  0.09/turn              (no ring)

@: no status effects
A: powered by death 1, spiny 1
a: no special abilities


You were on level 4 of the Dungeon.
You visited 1 branch of the dungeon, and saw 4 of its levels.

You collected 142 gold pieces.

Inventory:

Hand Weapons
 a - a +0 long sword (weapon)
 h - a +1 dagger of venom
Missiles
 d - 3 throwing nets (quivered)
Armour
 c - a +0 helmet (worn)
 r - a +0 ring mail (worn)
 y - a +0 cloak (worn)
Jewellery
 g - a +6 ring of dexterity (left hand)
 q - an uncursed ring of ice
 s - an uncursed ring of fire
Scrolls
 e - a scroll of immolation {unknown}
 f - a scroll of teleportation {unknown}
 j - 2 scrolls of identify {unknown}
 m - a scroll of magic mapping {unknown}
 n - a scroll of amnesia {unknown}
 u - 2 scrolls of remove curse
Potions
 b - a potion of berserk rage {unknown}
 i - a potion of brilliance {unknown}
 k - 2 potions of curing {unknown}
 l - a potion of resistance {unknown}
 o - a potion of magic {unknown}
 p - a potion of flight {unknown}
 t - a potion of lignification {unknown}
 v - a potion of cancellation {unknown}
 w - a potion of haste {unknown}
 x - a potion of heal wounds {unknown}


   Skills:
 + Level 3.7 Fighting
 + Level 4.0 Long Blades
 - Level 1.7 Throwing
 + Level 4.0 Dodging


You had 4 spell levels left.
You didn't know any spells.
Your spell library was empty.

Dungeon Overview and Level Annotations

Branches:
Dungeon (4/15)
 Temple: D:4-7

Altars:
Ashenzari
Fedhas
Okawaru
The Shining One

Annotations:
D:4 Blork the orc, Grinder


Innate Abilities, Weirdness & Mutations

You regenerate a little health from kills.
You are partially covered in sharp spines.


Message History

Grinder is severely wounded.
Grinder gestures at you. Pain shoots through your body!
* * * LOW HITPOINT WARNING * * *
Grinder hits you.
* * * LOW HITPOINT WARNING * * *
You writhe in agony.
* * * LOW HITPOINT WARNING * * *
Unknown command.
You slash Grinder!
Grinder is almost dead.
Grinder gestures at you.
You barely resist.
Unknown command.
You closely miss Grinder.
Grinder is almost dead.
Grinder is struck by your spines. Grinder hits you.
* * * LOW HITPOINT WARNING * * *
You writhe in agony.
You die...

#.###...#
##.......########
#>...............
..................
...).####.###..#.
..............##
>....#######..##
... #...# ...
#@#.# #5..#
#..#... #....##..
....## .#.## . .#
#. #.


You could see Grinder.

Vanquished Creatures
  Crazy Yiuf (D:3)
  Terence (D:2)
  An orc wizard (D:3)
  3 adders
  An ufetubus (D:4)
  An ooze (D:1)
  2 worms
  A dart slug (D:2)
  3 leopard geckos
  9 orcs
  A ball python (D:2)
  6 giant cockroaches
  7 goblins
  7 hobgoblins
  8 jackals
  11 kobolds
  5 bats
  5 frilled lizards
  6 rats
79 creatures vanquished.

Vanquished Creatures (others)
  2 plants (D:3)
2 creatures vanquished.

Grand Total: 81 creatures vanquished

Notes
Turn   | Place    | Note
-------+----------+-------------------------------------------
     0 | D:1      | grandjackal the Demonspawn Gladiator began the quest for
                  | the Orb.
     0 | D:1      | Reached XP level 1. HP: 16/16 MP: 1/1
    27 | D:1      | Gained mutation: You regenerate a little health from kills.
                  | [demonic ancestry]
    27 | D:1      | Reached XP level 2. HP: 18/22 MP: 2/2
   517 | D:1      | Reached XP level 3. HP: 26/28 MP: 3/3
  1232 | D:2      | Noticed Terence
  1242 | D:2      | Killed Terence
  1242 | D:2      | Gained mutation: You are partially covered in sharp spines.
                  | [demonic ancestry]
  1242 | D:2      | Reached XP level 4. HP: 19/35 MP: 4/4
  1902 | D:3      | Found a runed translucent door.
  1903 | D:3      | Noticed Crazy Yiuf
  1998 | D:3      | Reached XP level 5. HP: 9/41 MP: 5/5
  2416 | D:3      | Found a broken altar of Ashenzari.
  2417 | D:3      | Found an iron altar of Okawaru.
  2713 | D:3      | Found a blossoming altar of Fedhas.
  2808 | D:3      | Killed Crazy Yiuf
  3011 | D:4      | Found a glowing golden altar of the Shining One.
  3015 | D:4      | Noticed Blork the orc
  3096 | D:4      | Noticed Grinder
  3099 | D:4      | Paralysed by Grinder for 2 turns
  3108 | D:4      | HP: 2/42 [Grinder (1)]
  3108 | D:4      | Slain by Grinder

Illustrated notes

Levels and vault maps discovered:
D:1:      psy_arrival_whirlpool, layout_rooms
D:2:      layout_basic, uniq_terence
D:3:      layout_loops_ring, minitemple, fedhas_ov_isle_minmay,
          uniq_crazy_yiuf_cottage
D:4:      layout_basic, grunt_temple_overflow_open, minmay_temple_entry_wispy,
          uniq_blork_the_orc, uniq_grinder, uniq_duvessa

Skill      XL: |  1  2  3  4  5 |
---------------+----------------+-----
Long Blades    | 3 4 |  4.0
Dodging        | 3 4 |  4.0
Fighting       | 3 |  3.7
Throwing       | |  1.7

Action                   |  1- 3 |  4- 6 || total
-------------------------+-------+-------++-------
Melee: Long sword        |   112 |    80 ||   192
  Use: Scroll            |     2 |       ||     2
 Stab: Sleeping          |     1 |     1 ||     2
Armor: Leather armour    |    17 |       ||    17
       Ring mail         |    19 |    21 ||    40
Dodge: Dodged            |    87 |    39 ||   126
       Rpst.: Long sword |    34 |    10 ||    44

Table legend: (Time is in decaauts)
 A = Elapsed time spent in this place.
 B = Non-inter-level travel time spent in this place.
 C = Inter-level travel time spent in this place.
 D = Time resting spent in this place.
 E = Time spent auto-exploring this place.
 F = Levels seen in this place.
 G = Mean time per level.
                   A        B        C        D        E       F      G
               +--------+--------+--------+--------+--------+-----+--------+
         Total |   3157 |   3056 |    101 |    942 |   1624 |   4 |  789.2 |
       Dungeon |   3157 |   3056 |    101 |    942 |   1624 |   4 |  789.2 |
               +--------+--------+--------+--------+--------+-----+--------+

Top non-repeatable levels by time:
     D:3: 1431 daAuts
     D:1: 915 daAuts
     D:2: 749 daAuts
     D:4: 61 daAuts
